 Dungeon Crawl Stone Soup version 0.26-a0-661-g406de6ba63 (webtiles) character file.

Game seed: 9850265968508212442

14 Peloso the Shield-Bearer (level 2, 27/27 HPs)
             Began as a Minotaur Fighter on Oct 9, 2020.
             Got out of the dungeon alive.
             The game lasted 00:01:41 (961 turns).

Peloso the Shield-Bearer (Minotaur Fighter)          Turns: 961, Time: 00:01:41

Health: 27/27      AC:  8    Str: 20    XL:     2   Next: 31%
Magic:  1/1        EV:  7    Int:  5    God:
Gold:   31         SH:  9    Dex:  9    Spells: 1/1 levels left

rFire    . . .     SeeInvis .   a - +0 long sword
rCold    . . .     Faith    .   c - +0 kite shield
rNeg     . . .     Spirit   .   b - +0 scale mail
rPois    .         Reflect  .   (helmet restricted)
rElec    .         Harm     .   (no cloak)
rCorr    .         Rampage  .   (no gloves)
MR       .....                  (no boots)
Stlth    ..........             (no amulet)
HPRegen  0.09/turn              (no ring)
MPRegen  0.07/turn              (no ring)

@: hasted, very quick
A: retaliatory headbutt, horns 2, high mp 1, screaming 1, shaggy fur 1
a: no special abilities


You escaped.
You visited 1 branch of the dungeon, and saw 1 of its levels.

You collected 31 gold pieces.

Inventory:

Hand Weapons
 a - a +0 long sword (weapon)
Armour
 b - a +0 scale mail (worn)
 c - a +0 kite shield (worn)
Scrolls
 h - a scroll of fear {unknown}
 i - 2 scrolls of identify {unknown}
 j - a scroll of random uselessness {unknown}
 k - a scroll of amnesia {unknown}
Potions
 d - a potion of might
 g - a potion of lignification {unknown}


   Skills:
 + Level 3.9 Fighting
 + Level 2.5 Long Blades
 + Level 3.8 Armour
 + Level 4.0 Shields


You had one spell level left.
You didn't know any spells.
Your spell library was empty.

Dungeon Overview and Level Annotations

Branches:
Dungeon (1/15)

Altars:


Innate Abilities, Weirdness & Mutations

You reflexively headbutt those who attack you in melee.
You have a pair of horns on your head.
You have an increased reservoir of magic. (+10% MP)
You occasionally shout uncontrollably at your foes.
You are covered in fur. (AC +1)


Message History

There is an open door here.
You open the door.
There is an open door here.
There is an open door here.
There is an escape hatch in the floor here.
You open the door.
There is an open door here.
There is an open door here.
Partly explored, can't reach some places.
Partly explored, can't reach some places.
Partly explored, can't reach some places.
Partly explored, can't reach some places.
Partly explored, can't reach some places.
It was a potion of haste.
You feel yourself speed up.
It was a potion of mutation.
You feel extremely strange.
You feel more energetic.
You feel the urge to shout. Fur sprouts all over your body.
There is a staircase leading out of the dungeon here.
Are you sure you want to leave the Dungeon?
This will make you lose the game!
You have escaped!

###≈≈≈≈.≈≈≈≈≈## #.#..#
#..## #...≈.≈≈≈≈≈≈###.#..#
#....
#........≈≈≈≈##.#..####.##
#.........#≈≈##.........#
#.........#≈≈≈#[#########
#.........##≈≈#.......#
#.........# #######.#
#.........# #.####
#>.......@# #.....
########### ######


There were no monsters in sight!

Vanquished Creatures
  2 bats (D:1)
  2 goblins (D:1)
  3 hobgoblins (D:1)
  3 frilled lizards (D:1)
  A kobold (D:1)
  4 rats (D:1)
15 creatures vanquished.

Notes
Turn   | Place    | Note
-------+----------+-------------------------------------------
     0 | D:1      | Peloso the Minotaur Fighter began the quest for the Orb.
     0 | D:1      | Reached XP level 1. HP: 19/19 MP: 0/0
   343 | D:1      | Reached skill level 4 in Shields
   343 | D:1      | Reached XP level 2. HP: 27/27 MP: 1/1
   952 | D:1      | Gained mutation: You have an increased reservoir of magic.
                  | (+10% MP) [potion of mutation]
   952 | D:1      | Gained mutation: You occasionally shout uncontrollably at
                  | your foes. [potion of mutation]
   952 | D:1      | Gained mutation: You are covered in fur. (AC +1) [potion of
                  | mutation]
   961 | D:$      | Got out of the dungeon alive.

Illustrated notes

Levels and vault maps discovered:
D:1:      lemuel_arrival_river_bridge, layout_basic

Skill      XL: |  1 |
---------------+----+-----
Shields        | 4 |  4.0
Fighting       | |  3.9
Long Blades    | |  2.5
Armour         | |  3.8

Action                   || total
-------------------------++-------
Melee: Long sword        ||    39
       Headbutt          ||     7
  Use: Potion            ||     2
Armor: Scale mail        ||    22
Dodge: Dodged            ||     6
Block: Kite shield       ||    22
       Rpst.: Long sword ||     1

Table legend: (Time is in decaauts)
 A = Elapsed time spent in this place.
 B = Non-inter-level travel time spent in this place.
 C = Inter-level travel time spent in this place.
 D = Time resting spent in this place.
 E = Time spent auto-exploring this place.
 F = Levels seen in this place.
 G = Mean time per level.
                   A        B        C        D        E       F      G
               +--------+--------+--------+--------+--------+-----+--------+
         Total |    972 |    972 |      0 |      0 |    838 |   1 |  972.0 |
       Dungeon |    972 |    972 |      0 |      0 |    838 |   1 |  972.0 |
               +--------+--------+--------+--------+--------+-----+--------+

Top non-repeatable levels by time:
     D:1: 972 daAuts
